 Dungeon Crawl Stone Soup version 0.24.0-37-gcf1ca852f1 (webtiles) character file.

Game seed: 8332067902422263462, levelgen mode: deterministic

32 Descartes the Vandal (level 3, 0/23 HPs)
             Began as a Halfling Arcane Marksman on Nov 26, 2019.
             Slain by a gnoll
             ... wielding a +0 spear
              (2 damage)
             ... on level 1 of the Dungeon.
             The game lasted 00:03:24 (956 turns).

Descartes the Vandal (Halfling Arcane Marksman)      Turns: 956, Time: 00:03:24

Health: 0/23       AC:  3    Str: 11    XL:     3   Next: 42%
Magic:  5/5        EV: 15    Int: 12    God:
Gold:   19         SH:  0    Dex: 14    Spells: 3/4 levels left

rFire    . . .     SeeInvis .   b - +0 dagger
rCold    . . .     Gourm    .   (shield restricted)
rNeg     + . .     Faith    .   e - +0 robe
rPois    .         Spirit   .   (no helmet)
rElec    .         Reflect  .   (no cloak)
rCorr    .         Harm     .   (no gloves)
MR       .....                  h - +0 pair of boots
Stlth    +.........             (no amulet)
HPRegen  0.07/turn              l - ring of positive energy
MPRegen  0.09/turn              (no ring)

@: no status effects
A: small, mutation resistance 1
a: no special abilities


You were on level 1 of the Dungeon.
You were not hungry.

You visited 1 branch of the dungeon, and saw 1 of its levels.

You collected 19 gold pieces.

Inventory:

Hand Weapons
 a - a +0 hunting sling
 b - a +0 dagger (weapon)
Missiles
 d - 18 sling bullets
 j - 9 stones (quivered)
 o - 13 bolts
Armour
 e - a +0 robe (worn)
 h - a +0 pair of boots (worn)
 k - a +0 ring mail
Jewellery
 l - a ring of positive energy (left hand)
Scrolls
 c - a scroll of enchant weapon {unknown}
 n - a scroll of identify {unknown}
Potions
 g - a potion of magic {unknown}
 m - a potion of brilliance {unknown}
Comestibles
 f - 3 rations
 i - 2 chunks of flesh


   Skills:
 + Level 1.2 Fighting
 + Level 0.2 Short Blades
 + Level 3.5 Slings
 + Level 2.5 Dodging
 + Level 1.3 Spellcasting
 + Level 2.6 Hexes


You had 3 spell levels left.
You knew the following spells:

 Your Spells              Type           Power        Failure   Level  Hunger
a - Corona                Hex            #......      10%         1    ##.....

Your spell library contained the following spells:

 Spells                   Type           Power        Failure   Level  Hunger
 Slow                     Hex            #.......     14%         2    ###....
 Inner Flame              Hex/Fire       #.......     45%         3    ####...
 Portal Projectile        Hex/Tloc       #.....       45%         3    ####...
 Cause Fear               Hex            #.........   67%         4    #####..
 Leda's Liquefaction      Hex/Erth       #.........   86%         4    #####..


Dungeon Overview and Level Annotations

Branches:
Dungeon (1/15)

Altars:


Innate Abilities, Weirdness & Mutations

You are small and have problems with some larger weapons.
You are somewhat resistant to further mutation.


Message History

Press: ? - help, Shift-Dir - straight line, f - gnoll
Aim: a gnoll, wielding a +0 spear (lightly wounded)
You shoot a sling bullet.
The sling bullet barely misses the gnoll.
The gnoll hits you from afar with a +0 spear.
Firing (i - inventory. (/) - cycle)
d - 19 sling bullets (quivered)
Press: ? - help, Shift-Dir - straight line, f/p - gnoll
Aim: a gnoll, wielding a +0 spear You shoot a sling bullet.
The sling bullet closely misses the gnoll.
The gnoll closely misses you. The gnoll closely misses you.
The gnoll hits you from afar with a +0 spear!
* * * LOW HITPOINT WARNING * * *
You are too injured to fight recklessly!
The gnoll hits you from afar with a +0 spear.
* * * LOW HITPOINT WARNING * * *
b - a +0 dagger (weapon)
The gnoll hits you with a +0 spear.
You die...

###########..#######
#..........##### ####
#.########.#... !... #.#..
..#.##.########### #.#.#
#.#.##.....)...... #.#.#
#.#.#...#########.
##.#.####.#.#...........#.
######.........#.......#####.#.
#....#........@g...###..####.#.
#....#........###### #..#..#.#.
###....#).......# #..##.#...
#.+.............# #..##.#.#.
#.#....#........########..##.#.).
#.#..............).....#..##.....
#.#....#........######.#..#....#.
#[#....#........# #.#.........
#รท#.#######.##### #.#....(....


You could see a gnoll.

Vanquished Creatures
  A giant cockroach (D:1)
  2 goblins (D:1)
  6 hobgoblins (D:1)
  7 kobolds (D:1)
  A ball python (D:1)
  5 bats (D:1)
  3 frilled lizards (D:1)
  5 rats (D:1)
30 creatures vanquished.

Notes
Turn   | Place    | Note
-------+----------+-------------------------------------------
     0 | D:1      | Descartes the Halfling Arcane Marksman began the quest for
                  | the Orb.
     0 | D:1      | Reached XP level 1. HP: 12/12 MP: 2/2
   119 | D:1      | Reached skill level 1 in Fighting
   136 | D:1      | Reached XP level 2. HP: 14/18 MP: 3/3
   424 | D:1      | Reached XP level 3. HP: 14/23 MP: 4/4
   954 | D:1      | HP: 1/23 [gnoll/+0 spear (5)]
   956 | D:1      | Slain by a gnoll

Levels and vault maps discovered:
D:1:      wheals_arrival_shading, layout_basic

Skill      XL: |  1 |
---------------+----+-----
Fighting       | 1 |  1.2
Short Blades   | |  0.2
Slings         | |  3.5
Dodging        | |  2.5
Spellcasting   | |  1.3
Hexes          | |  2.6

Action                   || total
-------------------------++-------
Melee: Dagger            ||    88
 Fire: Hunting sling     ||    33
Armor: Robe              ||    23
Dodge: Dodged            ||   117
